 Dungeon Sprint DCSS version 0.18.1-5-g4a78601 (webtiles) character file.

8427 Hipnos the Ninja (level 11, -9/56 HPs)
             Began as a Spriggan Assassin on May 14, 2016.
             Was a High Priest of Dithmenos.
             Mangled by a hog (12 damage)
             ... in the Dungeon (Sprint I: "Red Sonja").
             The game lasted 00:07:07 (698 turns).

Hipnos the Ninja (Spriggan Assassin)                 Turns: 698, Time: 00:07:08

Health: -9/56      AC:  2    Str:  3    XL:     11   Next: 9%
Magic:  12/12      EV: 35    Int: 14    God:    Dithmenos [*****.]
Gold:   806        SH:  0    Dex: 20    Spells: 0 memorised, 10 levels left

rFire  . . .     SeeInvis +     a - +2 dagger
rCold  . . .     Gourm    .     c - +0 robe
rNeg   . . .     Faith    .     (shield restricted)
rPois  .         Spirit   .     (helmet restricted)
rElec  .         Dismiss  .     d - +0 cloak
rCorr  .         Reflect  .     (gloves unavailable)
SustAt .         Harm     .     (boots unavailable)
MR     +....     NoTele   +     (no amulet)
Stlth  ++++++++++               (no ring)
                                o - ring of stealth

@: wreathed by umbra, very quick, somewhat resistant to hostile enchantments,
uncannily stealthy
A: unfitting armour, see invisible, deformed body, herbivore 3, speed 3,
screaming 1, slow metabolism 2, weak 2, no device heal 1
a: Shadow Step, Shadow Form, Renounce Religion


You were in the Dungeon.
You worshipped Dithmenos.
Dithmenos was extremely pleased with you.
You were not hungry.

You visited 1 branch You collected 864 gold pieces.
You spent 58 gold pieces at shops.

Inventory:

Hand Weapons
 a - a +2 dagger (weapon)
 b - a +0 blowgun
Missiles
 e - 38 poisoned needles
 f - 11 curare-tipped needles
Armour
 c - a +0 robe (worn)
 d - a +0 cloak (worn)
Jewellery
 o - a ring of stealth (left hand)
Scrolls
 m - 2 scrolls of blinking
 p - a scroll of fear {unknown}
Potions
 h - a potion of curing
 i - a potion of heal wounds
 j - a potion of haste
 k - 2 potions of magic
 l - a potion of berserk rage
Comestibles
 g - a bread ration


   Skills:
 + Level 5.9 Fighting
 * Level 10.6 Short Blades
 - Level 2.0 Throwing
 * Level 18.5 Dodging
 O Level 27 Stealth


You had 10 spell levels left.
You didn't know any spells.

Dungeon Overview and Level Annotations

Branches:
Dungeon (1/1)

Altars:
Cheibriados
Dithmenos
Elyvilon
Fedhas
Gozag
Kikubaaqudgha
Makhleb
Nemelex Xobeh
Okawaru
Pakellas
Qazlal
Ru
Sif Muna
Trog
Vehumet
Xom
Yredelemnul
Zin
The Shining One
Jiyva

Shops:
D (}[

Annotations:
D exclusion: oklob plant


Innate Abilities, Weirdness & Mutations

You are tiny and cannot use many weapons and most armour.
You have supernaturally acute eyesight.
You are a herbivore.
You cover ground extremely quickly.
You need consume almost no food.
Armour fits poorly on your strangely shaped body.
You occasionally shout uncontrollably at your foes.
You are very weak. (Str -4)
Potions and wands are less effective at restoring your health.


Message History

You hit the hog but do no damage.
The hog is almost dead.
The hog completely misses you. x2
You hit the hog but do no damage.
The hog is almost dead.
You hit the hog but do no damage.
The hog is almost dead.
The hog completely misses you. x2
You barely miss the hog.
The hog is almost dead.
The hog completely misses you. The hog closely misses you.
You barely miss the hog.
The hog is almost dead.
You closely miss the hog.
The hog is almost dead.
The hog completely misses you. x2
You barely miss the hog.
The hog is almost dead.
The hog bites you!
You die...

########################
..#__#..'..)#(.#§§§§hh§h
..'..'..#...##'#§####§§§h
#'#__####)..§§.#h# ##.hh
#.####§§#####§§h@# #+
#§#≈§§§§#..##+####
..§§§§§.'.†#§..
._#§§§§)#..#§..§
#'##'#####+###§9§
#.#(§()###P+ §..#
####'###.### .§##
.'.....'.∩# ..#
.##########


You could see 2 hogs.

Vanquished Creatures
  2 centaur warriors (D)
  Sonja (D)
  A deep troll (D)
  A lindwurm (D)
  7 shining eyes (D)
  2 kobold demonologists (D)
  4 demonic crawlers (D)
  A slime creature (D)
  Sigmund (D)
  A yak (D)
  3 hogs (D)
  5 giant eyeballs (D)
  A wasp (D)
  An ogre (D)
  A jelly (D)
  Ijyb (D)
33 creatures vanquished.

Vanquished Creatures (others)
  A gargoyle (D)
1 creature vanquished.

Grand Total: 34 creatures vanquished

Notes
Turn   | Place    | Note
--------------------------------------------------------------
     0 | D        | Hipnos the Spriggan Assassin began the quest for the Orb.
     0 | D        | Reached XP level 1. HP: 10/10 MP: 2/2
     1 | D        | Noticed Ijyb
     4 | D        | Killed Ijyb
     4 | D        | Reached skill level 9 in Stealth
     4 | D        | Reached XP level 2. HP: 15/15 MP: 3/3
     6 | D        | Noticed an ogre
     9 | D        | Killed an ogre
     9 | D        | Reached skill level 13 in Stealth
     9 | D        | Reached XP level 3. HP: 18/18 MP: 4/4
     9 | D        | Reached XP level 4. HP: 23/23 MP: 5/5
    19 | D        | Noticed Sigmund
    22 | D        | Killed Sigmund
    22 | D        | Reached skill level 16 in Stealth
    22 | D        | Reached XP level 5. HP: 27/27 MP: 6/6
    34 | D        | Found a deep blue altar of Sif Muna.
    36 | D        | Found a radiant altar of Vehumet.
    40 | D        | Reached skill level 17 in Stealth
    40 | D        | Reached XP level 6. HP: 32/32 MP: 7/7
    46 | D        | Found a viscous altar of Jiyva.
    46 | D        | Found a blossoming altar of Fedhas.
    46 | D        | Noticed a slime creature
    47 | D        | Found a snail-covered altar of Cheibriados.
    47 | D        | Found a shadowy altar of Dithmenos.
    49 | D        | Killed a slime creature
    49 | D        | Reached skill level 18 in Stealth
    51 | D        | Became a worshipper of Dithmenos the Shadowed
    61 | D        | Found Boumepn's Gadget Emporium.
    61 | D        | Found a white marble altar of Elyvilon.
    61 | D        | Found a stormy altar of Qazlal.
    61 | D        | Found a burning altar of Makhleb.
    61 | D        | Found a sacrificial altar of Ru.
    61 | D        | Found an oddly glowing altar of Pakellas.
    61 | D        | Found a basalt altar of Yredelemnul.
    61 | D        | Found a glowing golden altar of the Shining One.
    61 | D        | Found a sparkling altar of Nemelex Xobeh.
    61 | D        | Found a shimmering altar of Xom.
    61 | D        | Found an opulent altar of Gozag.
    61 | D        | Found an ancient bone altar of Kikubaaqudgha.
    61 | D        | Found a glowing silver altar of Zin.
    61 | D        | Noticed a yak
    62 | D        | Found an iron altar of Okawaru.
    63 | D        | Killed a yak
    63 | D        | Reached skill level 19 in Stealth
    63 | D        | Reached XP level 7. HP: 36/36 MP: 8/8
    80 | D        | Found a bloodstained altar of Trog.
   117 | D        | Noticed a kobold demonologist
   118 | D        | Noticed a kobold demonologist
   120 | D        | Reached skill level 20 in Stealth
   122 | D        | Killed a kobold demonologist
   122 | D        | Reached * piety under Dithmenos
   122 | D        | Reached skill level 21 in Stealth
   123 | D        | Killed a kobold demonologist
   123 | D        | Reached skill level 22 in Stealth
   123 | D        | Reached XP level 8. HP: 40/40 MP: 9/9
   125 | D        | Noticed a demonic crawler
   125 | D        | Noticed a demonic crawler
   125 | D        | Noticed a demonic crawler
   125 | D        | Noticed a demonic crawler
   127 | D        | Killed a demonic crawler
   127 | D        | Reached skill level 23 in Stealth
   128 | D        | Killed a demonic crawler
   128 | D        | Reached ** piety under Dithmenos
   128 | D        | Reached skill level 5 in Short Blades
   128 | D        | Reached skill level 10 in Dodging
   130 | D        | Killed a demonic crawler
   130 | D        | Reached skill level 24 in Stealth
   130 | D        | Reached XP level 9. HP: 45/45 MP: 10/10
   131 | D        | Killed a demonic crawler
   141 | D        | Noticed a gargoyle
   152 | D        | Noticed a lindwurm
   154 | D        | Killed a lindwurm
   154 | D        | Reached *** piety under Dithmenos
   154 | D        | Reached skill level 25 in Stealth
   197 | D        | Noticed Sonja
   201 | D        | Killed Sonja
   201 | D        | Reached skill level 26 in Stealth
   206 | D        | Noticed a deep troll
   210 | D        | Killed a deep troll
   210 | D        | Reached **** piety under Dithmenos
   210 | D        | Reached XP level 10. HP: 50/50 MP: 11/11
   220 | D        | Found Zytif's Armour Emporium.
   227 | D        | Bought a +0 cloak for 58 gold pieces
   238 | D        | Noticed a centaur warrior
   238 | D        | Noticed a centaur warrior
   240 | D        | Killed a centaur warrior
   240 | D        | Reached skill level 27 in Stealth
   241 | D        | Killed a centaur warrior
   241 | D        | Reached skill level 5 in Fighting
   241 | D        | Reached skill level 15 in Dodging
   262 | D        | Noticed an oklob plant
   433 | D        | Found Masul's Weapon Boutique.
   443 | D        | Noticed a shining eye
   443 | D        | Noticed a shining eye
   443 | D        | Noticed a shining eye
   443 | D        | Noticed a shining eye
   443 | D        | Noticed a shining eye
   443 | D        | Noticed a shining eye
   446 | D        | Noticed a shining eye
   446 | D        | Noticed a shining eye
   447 | D        | Killed a shining eye
   450 | D        | Killed a shining eye
   450 | D        | Reached ***** piety under Dithmenos
   454 | D        | Killed a shining eye
   457 | D        | Killed a shining eye
   460 | D        | Gained mutation: You are weak. (Str -2) [a shining eye]
   463 | D        | Gained mutation: Armour fits poorly on your strangely shaped body. [a shining eye]
   464 | D        | Killed a shining eye
   466 | D        | Killed a shining eye
   466 | D        | Reached skill level 10 in Short Blades
   466 | D        | Reached XP level 11. HP: 56/56 MP: 12/12
   470 | D        | Killed a shining eye
   471 | D        | Gained mutation: You are very weak. (Str -4) [a shining eye]
   473 | D        | Gained mutation: You are frail (-10% HP). [a shining eye]
   476 | D        | Gained mutation: You occasionally shout uncontrollably at your foes. [a shining eye]
   479 | D        | Gained mutation: Potions and wands are less effective at restoring your health. [a shining eye]
   592 | D        | Gained mutation: Your magical capacity is low (-10% MP). [potion of mutation]
   592 | D        | Lost mutation: Your magical capacity is low (-10% MP). [potion of mutation]
   592 | D        | Lost mutation: You are frail (-10% HP). [potion of mutation]
   675 | D        | HP: 1/56 [hog (4)]
   698 | D        | Mangled by a hog

Skill      XL: |  1  2  3  4  5  6  7  8  9 10 |
---------------+-------------------------------+-----
Dodging        | 3 4 6 8 9 10 12 18 | 18.5
Stealth        | 9 13 16 17 19 22 24 26 27 | 27.0
Fighting       | 2 3 4 5 |  5.9
Short Blades   | 3 4 5 10 | 10.6
Throwing       | |  2.0

Action                   |  1- 3 |  4- 6 |  7- 9 | 10-12 || total
-------------------------+-------+-------+-------+-------++-------
Melee: Dagger            |     2 |     4 |    12 |    93 ||   111
  Use: Potion            |       |       |       |     2 ||     2
 Stab: Sleeping          |     2 |     4 |    12 |    14 ||    32
Dodge: Dodged            |       |       |     2 |    58 ||    60
